 Dungeon Crawl Stone Soup version 0.29-a0-409-gd843f3a48c (webtiles) character file.

Game seed: 12575267904340087629

16 Parzival711 the Ducker (level 2, -1/22 HPs)
             Began as a Demonspawn Gladiator on May 13, 2022.
             Slain by a worm (3 damage)
             ... on level 1 of the Dungeon.
             The game lasted 00:01:40 (1049 turns).

Parzival711 the Ducker (Demonspawn Gladiator)       Turns: 1049, Time: 00:01:40

Health: -1/22      AC:  8    Str: 14    XL:     2   Next: 37%
Magic:  2/2        EV: 11    Int:  9    God:
Gold:   25         SH:  0    Dex: 14    Spells: 1/1 levels left

rFire   . . .      SeeInvis .   a - +0 war axe
rCold   . . .      Faith    .   (no shield)
rNeg    . . .      Spirit   .   j - +0 ring mail
rPois   .          Reflect  .   c - +0 helmet
rElec   .          Harm     .   (no cloak)
rCorr   .          Rampage  .   (no gloves)
Will    .....                   (no boots)
Stlth   +.........              (no amulet)
HPRegen 0.07/turn               (no ring)
MPRegen 0.08/turn               (no ring)

@: no status effects
A: molten scales 1
a: no special abilities


You were on level 1 of the Dungeon.
You visited 1 branch of the dungeon, and saw 1 of its levels.

You collected 25 gold pieces.

Inventory:

Hand Weapons
 a - a +0 war axe (weapon)
Missiles
 d - 3 throwing nets (quivered)
 e - a javelin
Armour
 b - a +0 leather armour
 c - a +0 helmet (worn)
 j - a +0 ring mail (worn)
Scrolls
 f - a scroll of vulnerability {unknown}
 k - a scroll of noise {unknown}
Potions
 g - a potion of flight {unknown}
 h - a potion of curing {unknown}
 i - a potion of might {unknown}


   Skills:
 + Level 2.1 Fighting
 + Level 2.8 Axes
 + Level 1.8 Throwing
 + Level 3.2 Dodging


You had one spell level left.
You didn't know any spells.
Your spell library contained the following spells:

 Spells                   Type           Power      Damage    Failure   Level
 Portal Projectile        Hex/Tloc       0%         N/A       94%         3
 Blade Hands              Tmut           0%         N/A       100%        5
 Excruciating Wounds      Necr           0%         N/A       100%        5


Dungeon Overview and Level Annotations

Branches:
Dungeon (1/15)

Altars:


Innate Abilities, Weirdness & Mutations

You are partially covered in molten scales. (AC +2)


Message History

The quokka barely misses you.
You hit the quokka.
The quokka is moderately wounded.
The quokka twitches its whiskers.
The quokka misses you.
You closely miss the quokka.
The quokka is moderately wounded.
The quokka closely misses you. The quokka barely misses you.
You closely miss the quokka.
The quokka is moderately wounded.
The quokka barely misses you. The quokka misses you.
You hit the quokka.
You kill the quokka!
You see here a +0 dagger.
A worm comes into view.
Found a stone staircase leading down.
A worm is nearby!
A worm is nearby!
A worm is nearby!
A worm comes into view.
The worm falls through a shaft!
The shaft crumbles and collapses.
You slash the worm!
The worm is heavily wounded.
The worm bites you!
You hit the worm. Your punch misses the worm.
The worm is severely wounded.
The worm bites you.
You hit the worm. Your punch misses the worm.
The worm is almost dead.
You barely miss the worm.
The worm is almost dead.
The worm bites you but does no damage.
You hit the worm but do no damage.
The worm is almost dead.
The worm bites you!
* * * LOW HITPOINT WARNING * * *
You hit the worm but do no damage.
The worm is severely wounded.
The worm bites you.
You die...

)..###......#### ...#
##.....###.....## ...#
########.......## ...#
##.^.......## ...##
#....>......# ....#
#..^.........
##..#######
#.^....^....
##........###...w...^.#
##.######...##..@...?#
##.# ##.####.....##
##.# ##..####..#####.
##.## #...............
....# #.##############
.##.# ##.# ###.####..#
....)....## .........#


You could see a worm.

Vanquished Creatures
  A dart slug (D:1)
  2 bats (D:1)
  2 goblins (D:1)
  A hobgoblin (D:1)
  3 quokkas (D:1)
  A ball python (D:1)
  3 kobolds (D:1)
13 creatures vanquished.

Notes
Turn   | Place    | Note
-------+----------+-------------------------------------------
     0 | D:1      | Parzival711 the Demonspawn Gladiator began the quest for
                  | the Orb.
     0 | D:1      | Reached XP level 1. HP: 16/16 MP: 1/1
   226 | D:1      | Reached skill level 3 in Dodging
   431 | D:1      | Gained mutation: You are partially covered in molten
                  | scales. (AC +2) [demonic ancestry]
   431 | D:1      | Reached XP level 2. HP: 2/22 MP: 2/2
   749 | D:1      | Found a faded altar of an unknown god.
  1049 | D:1      | Slain by a worm

Illustrated notes

Levels and vault maps discovered:
D:1:      amcnicky_arrival_blooded_trapdoor, layout_rooms,
          hellmonk_ecumenical_altar_run_dry, nicolae_wormholes

Skill      XL: |  1 |
---------------+----+-----
Dodging        | 3 |  3.2
Fighting       | |  2.1
Axes           | |  2.8
Throwing       | |  1.8

Action                   || total
-------------------------++-------
Melee: War axe           ||    47
       Punch             ||     1
Armor: Leather armour    ||     3
       Ring mail         ||    16
Dodge: Dodged            ||    49

Table legend: (Time is in decaauts)
 A = Elapsed time spent in this place.
 B = Non-inter-level travel time spent in this place.
 C = Inter-level travel time spent in this place.
 D = Time resting spent in this place.
 E = Time spent auto-exploring this place.
 F = Levels seen in this place.
 G = Mean time per level.
                   A        B        C        D        E       F      G
               +--------+--------+--------+--------+--------+-----+--------+
         Total |   1065 |   1006 |     59 |      0 |    802 |   1 | 1065.0 |
       Dungeon |   1065 |   1006 |     59 |      0 |    802 |   1 | 1065.0 |
               +--------+--------+--------+--------+--------+-----+--------+

Top non-repeatable levels by time:
     D:1: 1065 daAuts
